 Dungeon Crawl Stone Soup version 0.23.0 (webtiles) character file.

Game seed: 12112935095113099515

2728 Wolly the Summoner (level 9, -1/66 HPs)
             Began as a Gnoll Summoner on Feb 14, 2019.
             Slain by Joseph
             ... wielding a +2 quarterstaff of protection
              (21 damage)
             ... on level 8 of the Dungeon.
             The game lasted 00:15:05 (7468 turns).

Wolly the Summoner (Gnoll Summoner)                 Turns: 7468, Time: 00:15:05

Health: -1/66      AC: 11    Str: 14    XL:     9   Next: 67%
Magic:  18/19      EV: 16    Int: 18    God:
Gold:   105        SH:  0    Dex: 15    Spells: 10/21 levels left

rFire    + . .     SeeInvis +   p - +0 whip (venom)
rCold    + . .     Gourm    .   (no shield)
rNeg     . . .     Faith    .   x - +2 robe {rC+}
rPois    .         Spirit   .   u - +0 helmet {SInv}
rElec    .         Reflect  .   A - +0 cloak
rCorr    .         Harm     .   h - +2 pair of gloves
MR       .....                  D - +0 pair of boots
Stlth    +++.......             (no amulet)
HPRegen  0.21/turn              i - ring of protection from fire
MPRegen  0.16/turn              (no ring)

@: no status effects
A: distributed training, fangs 1, strong nose
a: no special abilities


You were on level 8 of the Dungeon.
You were not hungry.

You visited 2 branches of the dungeon, and saw 9 of its levels.

You collected 215 gold pieces.
You spent 110 gold pieces at shops.

Inventory:

Hand Weapons
 p - a +0 whip of venom (weapon)
   (You found it on level 2 of the Dungeon)
Armour
 h - a +2 pair of gloves (worn)
   (You found it on level 1 of the Dungeon)
 k - a +0 scale mail of poison resistance
   (You found it on level 1 of the Dungeon)
 u - a +0 helmet of see invisible (worn)
   (You took it off Robin on level 3 of the Dungeon)
 x - a +2 robe of cold resistance (worn)
   (You took it off Sigmund on level 3 of the Dungeon)
 A - a +0 cloak (worn)
   (You found it on level 7 of the Dungeon)
 D - a +0 pair of boots (worn)
   (You found it on level 8 of the Dungeon)
Jewellery
 i - a ring of protection from fire (left hand)
   (You found it on level 1 of the Dungeon)
Wands
 t - a wand of flame (10)
   (You took it off Ijyb on level 3 of the Dungeon)
Scrolls
 a - 2 scrolls of random uselessness {unknown}
 b - 5 scrolls of remove curse {@r2}
 c - 5 scrolls of teleportation {@r4}
 f - 2 scrolls of magic mapping
 j - a scroll of enchant armour {unknown}
 l - 2 scrolls of immolation {!r}
 r - 2 scrolls of noise {unknown}
 s - 2 scrolls of fear {unknown}
 v - a scroll of amnesia {unknown}
 w - a scroll of enchant weapon {unknown}
 y - a scroll of blinking {unknown}
 z - 3 scrolls of fog {unknown}
Potions
 d - 2 potions of invisibility {unknown}
 m - 2 potions of might {unknown}
 n - 3 potions of haste {@q3}
 o - a potion of resistance {unknown}
 q - 3 potions of curing {@q1}
 C - a potion of heal wounds {unknown}
Comestibles
 e - 11 rations {!d}
 g - 7 chunks of flesh


   Skills:
 + Level 4.4 Fighting
 + Level 4.4 Short Blades
 + Level 4.4 Long Blades
 + Level 4.4 Axes
 + Level 4.4 Maces & Flails
 + Level 4.4 Polearms
 + Level 4.4 Staves
 + Level 4.4 Slings
 + Level 4.4 Bows
 + Level 4.4 Crossbows
 + Level 4.4 Throwing
 + Level 4.4 Armour
 + Level 6.4 Dodging
 + Level 6.1 Stealth
 + Level 4.4 Shields
 + Level 4.4 Unarmed Combat
 + Level 6.7 Spellcasting
 + Level 3.6 Conjurations
 + Level 3.6 Hexes
 + Level 3.6 Charms
 + Level 8.0 Summonings
 + Level 3.6 Necromancy
 + Level 3.6 Translocations
 + Level 3.6 Transmutations
 + Level 3.6 Fire Magic
 + Level 3.6 Ice Magic
 + Level 3.6 Air Magic
 + Level 3.6 Earth Magic
 + Level 3.6 Poison Magic
 + Level 4.8 Invocations
 + Level 4.4 Evocations


You had 10 spell levels left.
You knew the following spells:

 Your Spells              Type           Power        Failure   Level  Hunger
a - Call Imp              Summ           #####...     1%          2    None
d - Summon Ice Beast      Ice/Summ       ####....     10%         4    ####...
x - Summon Small Mammal   Summ           ####         1%          1    None
z - Summon Lightning Spi  Summ/Air       ####....     10%         4    ####...

Your spell library contained the following spells:

 Spells                   Type           Power        Failure   Level  Hunger
 Call Canine Familiar     Summ           #####...     1%          3    ##.....
 Summon Guardian Golem    Hex/Summ       ####....     3%          3    ##.....


Dungeon Overview and Level Annotations

Branches:
Dungeon (8/15)             Temple (1/1) D:5
   Lair: D:8-11

Altars:
Ashenzari
Cheibriados
Dithmenos
Elyvilon
Fedhas
Hepliaklqana
Kikubaaqudgha
Makhleb
Qazlal
Ru
Vehumet
Wu Jian
Xom
Yredelemnul
Zin
Lugonu

Shops:
D:6 !

Annotations:
D:8 Joseph


Innate Abilities, Weirdness & Mutations

Your experience applies equally to all skills.
You have very sharp teeth.
Your uncanny sense of smell can sniff out nearby items.


Message History

The sling bullet burns your lightning spire.
Your lightning spire shoots out a bolt of lightning at Joseph!
The bolt of electricity hits Joseph!
Joseph shoots a sling bullet.
The sling bullet hits your lightning spire.
Your lightning spire shoots out a bolt of lightning at Joseph!
The bolt of electricity misses Joseph.
Joseph shoots a sling bullet.
The sling bullet barely misses your lightning spire.
The sling bullet hits you! The sling bullet burns you.
Your lightning spire shoots out a bolt of lightning at Joseph!
The bolt of electricity hits Joseph!
Joseph shoots a sling bullet.
The sling bullet hits your lightning spire!
Your lightning spire is destroyed!
Joseph shoots a sling bullet.
The sling bullet hits you.
You see here 3 sling bullets.
Joseph shouts, "Wow!"
Joseph shoots a sling bullet.
The sling bullet closely misses you.
Joseph unwields a +2 hunting sling of flaming.
It stops flaming.
Joseph wields a +2 quarterstaff of protection.
Joseph hits you but does no damage.
You hit Joseph. Joseph hits you but does no damage.
You hit Joseph but do no damage. You barely miss Joseph.
Joseph hits you with a +2 quarterstaff of protection!
You hit Joseph but do no damage.
Joseph is poisoned.
Joseph says, "You will never get the ORB, sorry."
Joseph barely misses you.
You barely miss Joseph.
Joseph hits you with a +2 quarterstaff of protection.
* * * LOW HITPOINT WARNING * * *
You hit Joseph. You bite Joseph, but do no damage.
Joseph completely misses you.
You hit Joseph but do no damage.
Joseph looks as sick as possible!
Your bite misses Joseph. You hit Joseph but do no damage.
Joseph hits you with a +2 quarterstaff of protection!
* * * LOW HITPOINT WARNING * * *
You hit Joseph but do no damage.
Joseph looks as sick as possible!
Joseph hits you with a +2 quarterstaff of protection!
* * * LOW HITPOINT WARNING * * *
You barely miss Joseph. You bite Joseph, but do no damage.
Joseph completely misses you.
You closely miss Joseph.
You feel better.
Joseph says, "I've waited for this moment for such a long time."
Joseph hits you with a +2 quarterstaff of protection!!
You die...

### #..∆ #.# #.#
#.# #@# #@# #.#
#.# #(# ∆ #(###
#(#.. . #.#.####
.. #.#....#
...######.#.#..#


You could see Joseph.

Vanquished Creatures
  Sigmund (D:3)
  A water moccasin (D:7)
  2 orc warriors
  2 ice beasts
  A necrophage (D:6)
  2 scorpions (D:6)
  A quasit (D:6)
  A bullfrog skeleton (D:4)
  An orc priest (D:6)
  4 orc wizards
  4 worker ants
  A worker ant zombie (D:3)
  Robin (D:3)
  7 gnolls
  3 adders
  2 oozes
  An adder skeleton (D:7)
  An adder zombie (D:5)
  3 dart slugs
  5 leopard geckos
  14 orcs
  A ball python (D:2)
  5 giant cockroaches
  10 goblins
  6 hobgoblins
  7 jackals
  4 kobolds
  5 quokkas
  2 bats (D:2)
  5 frilled lizards
  5 rats
108 creatures vanquished.

Vanquished Creatures (collateral kills)
  A two-headed ogre (D:8)
  Pikel (D:8)
  Grinder (D:3)
  An orc warrior (D:6)
  3 ogres
  2 slaves (D:8)
  2 ice beasts
  A centaur (D:6)
  A bullfrog (D:6)
  4 killer bees (D:7)
  A quasit (D:6)
  2 bullfrog skeletons
  An orc priest (D:7)
  Ijyb (D:3)
  A hound skeleton (D:6)
  A worker ant zombie (D:5)
  A howler monkey skeleton (D:7)
  4 gnolls (D:5)
  4 adders
  An adder skeleton (D:4)
  A worm (D:3)
  2 dart slugs
  2 leopard geckos
  12 orcs
  A giant cockroach (D:1)
  4 goblins
  3 hobgoblins
  2 jackals (D:6)
  2 kobolds
  4 bats (D:1)
  A frilled lizard (D:5)
  A rat (D:3)
69 creatures vanquished.

Grand Total: 177 creatures vanquished

Notes
Turn   | Place    | Note
-------+----------+-------------------------------------------
     0 | D:1      | Wolly the Gnoll Summoner began the quest for the Orb.
     0 | D:1      | Reached XP level 1. HP: 13/13 MP: 6/6
   144 | D:1      | Reached XP level 2. HP: 11/19 MP: 2/7
   335 | D:1      | Learned a level 2 spell: Call Imp
   992 | D:2      | Reached skill level 5 in Spellcasting
   992 | D:2      | Reached XP level 3. HP: 21/25 MP: 0/9
  1088 | D:2      | Found a shimmering altar of Xom.
  1089 | D:2      | Found a hazy altar of Hepliaklqana.
  1090 | D:2      | Noticed a spectral ugly thing
  1204 | D:2      | Reached skill level 1 in Invocations
  1441 | D:2      | Found a blossoming altar of Fedhas.
  1717 | D:3      | Reached skill level 1 in Fighting
  1717 | D:3      | Reached skill level 1 in Short Blades
  1717 | D:3      | Reached skill level 1 in Long Blades
  1717 | D:3      | Reached skill level 1 in Axes
  1717 | D:3      | Reached skill level 1 in Maces & Flails
  1717 | D:3      | Reached skill level 1 in Polearms
  1717 | D:3      | Reached skill level 1 in Staves
  1717 | D:3      | Reached skill level 1 in Slings
  1717 | D:3      | Reached skill level 1 in Bows
  1717 | D:3      | Reached skill level 1 in Crossbows
  1717 | D:3      | Reached skill level 1 in Throwing
  1717 | D:3      | Reached skill level 1 in Armour
  1717 | D:3      | Reached skill level 1 in Shields
  1717 | D:3      | Reached skill level 1 in Unarmed Combat
  1717 | D:3      | Reached skill level 1 in Evocations
  1717 | D:3      | Reached XP level 4. HP: 32/32 MP: 8/11
  1743 | D:3      | Noticed Ijyb
  1759 | D:3      | Killed Ijyb
  1896 | D:3      | Found an ornate altar of the Wu Jian Council.
  1962 | D:3      | Noticed Robin
  1979 | D:3      | Killed Robin
  1979 | D:3      | Reached skill level 1 in Conjurations
  1979 | D:3      | Reached skill level 1 in Hexes
  1979 | D:3      | Reached skill level 1 in Charms
  1979 | D:3      | Reached skill level 1 in Necromancy
  1979 | D:3      | Reached skill level 1 in Translocations
  1979 | D:3      | Reached skill level 1 in Transmutations
  1979 | D:3      | Reached skill level 1 in Fire Magic
  1979 | D:3      | Reached skill level 1 in Ice Magic
  1979 | D:3      | Reached skill level 1 in Air Magic
  1979 | D:3      | Reached skill level 1 in Earth Magic
  1979 | D:3      | Reached skill level 1 in Poison Magic
  2139 | D:3      | Reached XP level 5. HP: 34/37 MP: 12/12
  2240 | D:3      | Noticed Grinder
  2240 | D:3      | Paralysed by Grinder for 7 turns
  2254 | D:3      | Paralysed by Grinder for 2 turns
  2259 | D:3      | Paralysed by Grinder for 6 turns
  2270 | D:3      | Killed Grinder
  2270 | D:3      | Reached XP level 6. HP: 44/44 MP: 10/14
  2328 | D:3      | Noticed Sigmund
  2336 | D:3      | Killed Sigmund
  2336 | D:3      | Reached skill level 5 in Dodging
  2336 | D:3      | Reached XP level 7. HP: 49/50 MP: 15/15
  2399 | D:3      | Learned a level 4 spell: Summon Ice Beast
  2404 | D:3      | Learned a level 4 spell: Summon Lightning Spire
  3121 | D:4      | Found a shadowy altar of Dithmenos.
  3472 | D:4      | Found a stormy altar of Qazlal.
  3991 | D:5      | Entered Level 5 of the Dungeon
  4360 | D:5      | Found a shattered altar of Ashenzari.
  4400 | D:5      | Reached skill level 5 in Stealth
  4523 | D:5      | Found a snail-covered altar of Cheibriados.
  4531 | D:5      | Found a staircase to the Ecumenical Temple.
  4536 | Temple   | Entered the Ecumenical Temple
  4674 | D:5      | Reached XP level 8. HP: 57/57 MP: 13/16
  4758 | D:6      | Found Xoikhlupo's Distillery.
  4769 | D:6      | Bought a potion of haste for 110 gold pieces
  6424 | D:7      | Reached XP level 9. HP: 53/65 MP: 13/18
  7112 | D:8      | Noticed Pikel
  7125 | D:8      | Killed Pikel
  7125 | D:8      | Reached skill level 8 in Summonings
  7277 | D:8      | Noticed a two-headed ogre
  7289 | D:8      | Killed a two-headed ogre
  7444 | D:8      | Noticed Joseph
  7468 | D:8      | Slain by Joseph

Skill      XL: |  1  2  3  4  5  6  7  8  9 |
---------------+----------------------------+-----
Spellcasting   | 5 6 |  6.7
Invocations    | 1 2 3 4 |  4.8
Fighting       | 1 2 3 4 |  4.4
Short Blades   | 1 2 3 4 |  4.4
Long Blades    | 1 2 3 4 |  4.4
Axes           | 1 2 3 4 |  4.4
Maces & Flails | 1 2 3 4 |  4.4
Polearms       | 1 2 3 4 |  4.4
Staves         | 1 2 3 4 |  4.4
Slings         | 1 2 3 4 |  4.4
Bows           | 1 2 3 4 |  4.4
Crossbows      | 1 2 3 4 |  4.4
Throwing       | 1 2 3 4 |  4.4
Armour         | 1 2 3 4 |  4.4
Shields        | 1 2 3 4 |  4.4
Unarmed Combat | 1 2 3 4 |  4.4
Evocations     | 1 2 3 4 |  4.4
Conjurations   | 1 2 3 |  3.6
Hexes          | 1 2 3 |  3.6
Charms         | 1 2 3 |  3.6
Necromancy     | 1 2 3 |  3.6
Translocations | 1 2 3 |  3.6
Transmutations | 1 2 3 |  3.6
Fire Magic     | 1 2 3 |  3.6
Ice Magic      | 1 2 3 |  3.6
Air Magic      | 1 2 3 |  3.6
Earth Magic    | 1 2 3 |  3.6
Poison Magic   | 1 2 3 |  3.6
Dodging        | 5 6 |  6.4
Stealth        | 5 6 |  6.1
Summonings     | 8 |  8.0

Action                   |  1- 3 |  4- 6 |  7- 9 || total
-------------------------+-------+-------+-------++-------
Melee: Unarmed           |    23 |       |       ||    23
       Bite              |    12 |     8 |    49 ||    69
       Dagger            |    80 |       |       ||    80
       Whip              |    22 |   109 |   358 ||   489
       Punch             |       |     1 |     3 ||     4
 Cast: Summon Small Mamm |     9 |       |       ||     9
       Call Imp          |     6 |     9 |    38 ||    53
       Summon Ice Beast  |       |       |     9 ||     9
       Summon Lightning  |       |       |    10 ||    10
  Use: Scroll            |       |       |     7 ||     7
       Potion            |       |       |     3 ||     3
 Stab: Sleeping          |     3 |     1 |     8 ||    12
       Distracted        |       |     1 |     5 ||     6
  Eat: Chunk             |     3 |     2 |    16 ||    21
       Ration            |       |       |     1 ||     1
Armor: Robe              |     7 |       |   114 ||   121
       Ring mail         |    40 |    35 |       ||    75
Dodge: Dodged            |   100 |    46 |   293 ||   439
